 Dungeon Sprint DCSS version 0.24-a0-422-g9eff3895ba (webtiles) character file.

Game seed: 17916914897805917341

112 Conn the Infuser (level 4, 0/42 HPs)
             Began as a Deep Elf Skald on June 12, 2019.
             Slain by Sigmund
             ... wielding a +0 scythe
              (1 damage)
             ... in the Dungeon (Sprint I: "Red Sonja").
             The game lasted 00:02:50 (369 turns).

Conn the Infuser (Deep Elf Skald)                    Turns: 369, Time: 00:02:50

Health: 0/42       AC:  3    Str: 14    XL:     4   Next: 64%
Magic:  8/12       EV: 14    Int: 18    God:
Gold:   54         SH:  0    Dex: 14    Spells: 11/12 levels left

rFire    . . .     SeeInvis .   a - +0 falchion
rCold    . . .     Gourm    .   (no shield)
rNeg     . . .     Faith    .   b - +0 leather armour
rPois    .         Spirit   .   (no helmet)
rElec    .         Reflect  .   (no cloak)
rCorr    .         Harm     .   (no gloves)
MR       .....     NoTele   +   (no boots)
Stlth    ..........             (no amulet)
HPRegen  0.14/turn              (no ring)
MPRegen  0.13/turn              (no ring)

@: berserking, infused, very quick
A: no striking features
a: no special abilities


You were in the Dungeon.
You were not hungry.

You visited 1 branch You collected 54 gold pieces.

Inventory:

Hand Weapons
 a - a +0 falchion (weapon)
Armour
 b - a +0 leather armour (worn)
Wands
 c - a wand of random effects (19)
Scrolls
 j - a scroll of blinking
Potions
 g - a potion of haste
 h - 2 potions of magic
Comestibles
 d - a ration


   Skills:
 + Level 3.3 Fighting
 + Level 4.7 Long Blades
 + Level 1.7 Armour
 + Level 4.6 Dodging
 + Level 4.7 Spellcasting
 + Level 8.1 Charms
 + Level 0.7 Evocations


You had 11 spell levels left.
You knew the following spells:

 Your Spells              Type           Power        Failure   Level  Hunger
a - Infusion              Chrm           ####         1%          1    None

Your spell library contained the following spells:

 Spells                   Type           Power        Failure   Level  Hunger
 Song of Slaying          Chrm           ####....     1%          2    #......
 Shroud of Golubria       Chrm/Tloc      ###...       4%          2    #......
 Regeneration             Chrm/Necr      ###.......   10%         3    ###....
 Spectral Weapon          Hex/Chrm       ###.....     10%         3    ###....


Dungeon Overview and Level Annotations

Branches:
Dungeon (1/1)

Altars:

Annotations:
D Sigmund


Message History

You are confused.
You hit Sigmund.
Sigmund is severely wounded.
Sigmund hits you with a +0 scythe!
You bump into the rock wall.
Sigmund completely misses you.
You bump into the rock wall.
You bump into the rock wall.
Sigmund gestures at you while chanting. The puff of flame hits you.
* * * LOW HITPOINT WARNING * * *
Okay, then.
You barely miss Sigmund.
Sigmund is severely wounded.
Sigmund hits you with a +0 scythe.
* * * LOW HITPOINT WARNING * * *
A red film seems to cover your vision as you go berserk!
You feel yourself moving faster!
You feel mighty!
You feel less confused. Sigmund hits you with a +0 scythe.
You die...

#############
#<.#..)..#@.+
#..[..#..@..#
#..#####'####
#..# #..#
#..# ####
#..# #⌠⌠#
####


You could see Sigmund.

Vanquished Creatures
  An ogre (D)
  Ijyb (D)
2 creatures vanquished.

Notes
Turn   | Place    | Note
-------+----------+-------------------------------------------
     0 | D        | Conn the Deep Elf Skald began the quest for the Orb.
     0 | D        | Reached XP level 1. HP: 12/12 MP: 6/6
     2 | D        | Noticed Ijyb
    42 | D        | Killed Ijyb
    42 | D        | Reached skill level 1 in Armour
    42 | D        | Reached skill level 6 in Charms
    42 | D        | Reached XP level 2. HP: 5/18 MP: 0/8
   244 | D        | Noticed an ogre
   251 | D        | Killed an ogre
   251 | D        | Reached skill level 8 in Charms
   251 | D        | Reached XP level 3. HP: 15/23 MP: 9/11
   251 | D        | Reached XP level 4. HP: 19/28 MP: 9/12
   354 | D        | Noticed Sigmund
   368 | D        | HP: 1/28 [Sigmund/+0 scythe (5)]
   369 | D        | Slain by Sigmund

Levels and vault maps discovered:
D:        dungeon_sprint_1 [red_sonja_temple_1, red_sonja_temple_small_1]

Skill      XL: |  1  2 |
---------------+-------+-----
Fighting       | 2 3 |  3.3
Long Blades    | 3 4 |  4.7
Armour         | 1 |  1.7
Dodging        | 3 4 |  4.6
Charms         | 6 8 |  8.1
Spellcasting   | 4 |  4.7
Evocations     | |  0.7

Action                   |  1- 3 |  4- 6 || total
-------------------------+-------+-------++-------
Melee: Falchion          |    40 |     8 ||    48
 Cast: Infusion          |     2 |     1 ||     3
Evoke: Wand              |     3 |       ||     3
  Use: Potion            |     2 |     1 ||     3
Armor: Leather armour    |     9 |     1 ||    10
Dodge: Dodged            |    27 |     3 ||    30
       Rpst.: Falchion   |    14 |       ||    14

Table legend:
 A = Non-vault XP
 B = Vault XP
 C = Vault XP percentage of total XP
 D = Non-vault monster count
 E = Vault monster count
 F = Vault count percentage of total count
                 A         B        C        D         E       F
            +---------+---------+-------+---------+---------+-------
      Total |       0 |     161 | 100.0 |       0 |       2 | 100.0
            +---------+---------+-------+---------+---------+-------
          D |       0 |     161 | 100.0 |       0 |       2 | 100.0
            +---------+---------+-------+---------+---------+-------
